 Dungeon Sprint DCSS version 0.21.0-3-g78d12a8 (webtiles) character file.

895 wojtek the Cleaver (level 7, 0/71 HPs)
             Began as a Minotaur Berserker on Jan 12, 2018.
             Was a High Priest of Trog.
             Slain by a snapping turtle (9 damage)
             ... in the Dungeon (Sprint VII: "The Pits").
             The game lasted 00:01:37 (521 turns).

wojtek the Cleaver (Minotaur Berserker)              Turns: 521, Time: 00:01:37

Health: 0/71       AC: 14    Str: 24    XL:     7   Next: 78%
Magic:  2/2        EV: 12    Int:  4    God:    Trog [*****.]
Gold:   0          SH:  0    Dex:  9    Spells: 6/6 levels left

rFire    . . .     SeeInvis .   b - +6 battleaxe (antimagic)
rCold    . . .     Gourm    .   (shield currently unavailable)
rNeg     . . .     Faith    .   o - +3 chain mail
rPois    .         Spirit   .   (helmet restricted)
rElec    .         Reflect  .   (no cloak)
rCorr    .         Harm     .   (no gloves)
MR       .....     NoTele   +   (no boots)
Stlth    ..........             (no amulet)
HPRegen  0.21/turn              (no ring)
MPRegen  0.08/turn              (no ring)

@: no status effects
A: retaliatory headbutt, horns 2
a: Berserk, Trog's Hand, Brothers in Arms, Burn Spellbooks, Renounce Religion


You were in the Dungeon.
You worshipped Trog.
Trog was extremely pleased with you.
You were not hungry.

You visited 1 branch

Inventory:

Hand Weapons
 b - a +6 antimagic battleaxe (weapon)
 k - a +2 hand axe
 n - a +1 hand axe of chopping
Armour
 o - a +3 chain mail (worn)
Scrolls
 i - a scroll of blinking
 l - 3 scrolls of remove curse
 m - a scroll of summoning
Potions
 a - 2 potions of invisibility
 d - 6 potions of curing
 e - 6 potions of heal wounds
 f - a potion of haste
 g - 4 potions of magic
 h - 3 potions of berserk rage
Comestibles
 c - 9 rations
 j - 8 chunks of flesh


   Skills:
 + Level 9.9 Fighting
 * Level 13.0 Axes
 + Level 9.5 Armour
 + Level 8.7 Dodging


You had 6 spell levels left.
You didn't know any spells.

Dungeon Overview and Level Annotations

Branches:
Dungeon (1/1)

Altars:


Innate Abilities, Weirdness & Mutations

You reflexively headbutt those who attack you in melee.
You have a pair of horns on your head.


Message History

You hit the snapping turtle but do no damage.
The snapping turtle is severely wounded.
The snapping turtle barely misses you. You furiously retaliate!
You headbutt the snapping turtle, but do no damage.
You slash the snapping turtle!
Your headbutt misses the snapping turtle.
The snapping turtle is almost dead.
The snapping turtle bites you.
Your chain mail prevents you from hitting the snapping turtle.
You headbutt the snapping turtle, but do no damage.
The snapping turtle is almost dead.
The snapping turtle bites you but does no damage.
You hit the snapping turtle but do no damage.
The snapping turtle is almost dead.
The snapping turtle bites you!
* * * LOW HITPOINT WARNING * * *
You barely miss the snapping turtle.
The snapping turtle is severely wounded.
The snapping turtle bites you!
You die...

#.#..'.)).[##.......#
#.#..#.)))[##.......#
#)###########.......#
#)......# #########
#.......# #...#...#
#..###..#+#
#...#...#t+
#.......#@#
#.......'.#
###########


You could see a snapping turtle.

Vanquished Creatures
  Prince Ribbit (D)
  Sigmund (D)
  A fire bat (D)
  2 floating eyes (D)
  An ice beast (D)
  A hound (D)
  A jelly (D)
  An orc priest (D)
  An orc wizard (D)
  A gnoll (D)
  3 orcs (D)
  A bat skeleton (D)
  2 giant cockroaches (D)
  3 jackals (D)
20 creatures vanquished.

Notes
Turn   | Place    | Note
-------+----------+-------------------------------------------
     0 | D        | wojtek the Minotaur Berserker began the quest for the Orb.
     0 | D        | Reached XP level 1. HP: 19/19 MP: 0/0
    13 | D        | Reached skill level 4 in Axes
    49 | D        | Noticed a floating eye
    53 | D        | Paralysed by a floating eye for 2 turns
    56 | D        | Killed a floating eye
    56 | D        | Reached ** piety under Trog
    56 | D        | Reached skill level 7 in Axes
    56 | D        | Reached skill level 5 in Armour
    56 | D        | Reached XP level 2. HP: 18/30 MP: 1/1
    56 | D        | Reached XP level 3. HP: 22/37 MP: 2/2
    56 | D        | Reached XP level 4. HP: 27/44 MP: 3/3
   183 | D        | Noticed a floating eye
   185 | D        | Paralysed by a floating eye for 2 turns
   189 | D        | Killed a floating eye
   189 | D        | Reached skill level 9 in Axes
   189 | D        | Reached XP level 5. HP: 52/52 MP: 4/4
   194 | D        | Noticed a fire bat
   196 | D        | Reached *** piety under Trog
   197 | D        | Killed a fire bat
   197 | D        | Reached skill level 10 in Axes
   197 | D        | Reached XP level 6. HP: 61/61 MP: 5/5
   199 | D        | Reached **** piety under Trog
   303 | D        | Noticed Prince Ribbit
   304 | D        | Reached skill level 11 in Axes
   316 | D        | Reached ***** piety under Trog
   323 | D        | Noticed Sigmund
   330 | D        | Killed Prince Ribbit
   330 | D        | Reached skill level 12 in Axes
   330 | D        | Reached XP level 7. HP: 36/70 MP: 6/6
   338 | D        | Killed Sigmund
   505 | D        | Received a gift from Trog
   505 | D        | Reached skill level 13 in Axes
   511 | D        | Noticed a snapping turtle
   521 | D        | Slain by a snapping turtle

Skill      XL: |  1  2  3  4  5  6  7 |
---------------+----------------------+-----
Axes           | 7 9 10 12 13 | 13.0
Fighting       | 6 7 8 9 |  9.9
Armour         | 5 6 7 8 9 |  9.5
Dodging        | 4 6 8 |  8.7

Action                   |  1- 3 |  4- 6 |  7- 9 || total
-------------------------+-------+-------+-------++-------
Melee: Hand axe          |    10 |    32 |    13 ||    55
       Headbutt          |     2 |     2 |     6 ||    10
       Battleaxe         |       |       |     9 ||     9
Invok: Berserk           |       |     1 |       ||     1
Armor: Animal skin       |       |     1 |       ||     1
       Chain mail        |       |     6 |     6 ||    12
Dodge: Dodged            |     2 |     9 |     7 ||    18
